Connexion

NASHVILLE Predators vs ST. LOUIS Blues

Created - 25 janvier 2024 at 05:51

Goals
1 2 3 T
NASHVILLE Predators 2 2 0 4
ST. LOUIS Blues 0 0 1 1
Shots
1 2 3 T
NASHVILLE Predators 9 16 10 35
ST. LOUIS Blues 11 5 7 23

GoalsPenalties
1st period
1. NASHVILLE Predators , Kevin Labanc 22 (Josh Morrissey 23, Cam Fowler 42) at 13:24
2. NASHVILLE Predators , Colin White 6 (Matt Grzelcyk 16, Erik Brannstrom 15) at 16:20 (PP)
Erik Brannstrom (NAS) for Cross-checking (Minor) at 0:26
Jeremy Lauzon (STL) for Tripping (Minor) at 14:26
2nd period
3. NASHVILLE Predators , Erik Brannstrom 4 (Andrew Copp 20, Leon Draisaitl 35) at 9:54
4. NASHVILLE Predators , Bryan Rust 22 (Erik Gustafsson 17, Leon Draisaitl 36) at 17:55 (PP)
Brayden McNabb (STL) for Hooking (Minor) at 2:55
Brett Connolly (NAS) for Roughing (Minor) at 13:29
Jonas Brodin (STL) for Cross-checking (Minor) at 16:30
Brayden McNabb (STL) for Hooking (Minor) at 19:14
3rd period
5. ST. LOUIS Blues , Jesper Bratt 25 (Dylan Larkin 43) at 8:03
Henrik Borgstrom (NAS) for Tripping (Minor) at 10:10
Craig Smith (STL) for High sticking (Minor) at 12:46
Goalie Stats
Matt Murray (NAS), 22 saves from 23 shots - (0,957), W, 20-23-2, 60:00 minutes
Mackenzie Blackwood (STL), 31 saves from 35 shots - (0,886), L, 31-13-2, 60:00 minutes
3 StarsOfficial
1 - Erik Brannstrom (NAS)
2 - Josh Morrissey (NAS)
3 - Kevin Labanc (NAS)
Referees : Eric Furlatt and Tom Kowal
Linesman : Greg Devorski and Darren Gibbs
Game Note
No Game Note
Finance
Level 1 -- Attendance: 6000 (100,00%) -- Ticket Income $780,000
Level 2 -- Attendance: 5883 (95,66%) -- Ticket Income $447,108
Level 3 -- Attendance: 2000 (100,00%) -- Ticket Income $116,000
Level 4 -- Attendance: 3980 (99,50%) -- Ticket Income $147,260
Luxury Box -- Attendance: 1000 (100,00%) -- Ticket Income $280,000
Game was played at the Scottrade Center.
Total Attendance: 18863 (98,50%)
Total Ticket Income: $1,770,368
Other Income: $354,074
Total Income: $2,124,442



Team Name Goals Shots Shots Attemp Shots Blocked PIM HIT PP PK FO%
NASHVILLE Predators 43563206162 / 5 (40%)048%
ST. LOUIS Blues 123661210190 / 3 (0%)252%

NASHVILLE Predators
Player Name POS G A P +/- PIM HIT SHT SB MP PP MP PP SHT PK MP PK SHT FO% FOT
Alexander NylanderRW0000000011:470:0000:0000% 0
Andrew CoppC/LW0110021023:406:4103:35060% 5
Brett ConnollyLW/RW0000210014:020:0002:1600% 0
Bryan RustLW/RW1010027018:455:2130:00020% 5
Calle JarnkrokC/LW/RW0001000115:130:0001:4800% 2
Cam FowlerD0111004626:154:5233:2600% 0
Chris TanevD0000000213:330:4100:5400% 0
Colin WhiteC/RW101000108:522:3510:060100% 1
Erik BrannstromD1120212521:074:2411:5200% 0
Erik GustafssonD0110032019:264:1113:1700% 0
Henrik BorgstromC000020006:100:0000:00043% 7
Josh MorrisseyD0111041317:570:0000:0000% 0
Kevin LabancLW/RW1011014017:203:5510:0000% 1
Leon DraisaitlC/LW/RW0220005019:495:2111:04047% 32
Matt GrzelcykD0110002321:414:2422:2500% 0
Nick CousinsC/LW/RW000001006:110:0000:0000% 0
Ryan DonatoC/LW0000003013:480:0002:01045% 11
Vladislav NamestnikovC/LW/RW0001013018:243:5511:04060% 20
ST. LOUIS Blues
Player Name POS G A P +/- PIM HIT SHT SB MP PP MP PP SHT PK MP PK SHT FO% FOT
Brayden McNabbD0000403014:580:0000:1300% 0
Brendan GallagherRW0000012022:092:3503:4900% 0
Craig SmithC/RW0000221014:390:0203:36043% 23
David PerronC/LW/RW0000002013:592:5700:00033% 3
Dominic KubalikLW000-1011016:313:2000:000100% 1
Dylan LarkinC/LW0110011018:202:3510:00047% 19
Jaden SchwartzLW000-1031016:313:2000:00033% 3
Jake LeschyshynC000000014:510:0200:00050% 6
James NealLW/RW0000020011:040:0200:0000% 0
Jeremy LauzonD0000201116:410:0003:5300% 0
Jesper BrattLW/RW1010014018:212:3510:010100% 1
Jonas BrodinD0000211222:072:5904:2200% 0
Justin SchultzD000-1000225:002:5804:5100% 0
Luke SchennD0000030517:000:0204:0900% 0
Marcus FolignoLW000003409:420:0004:5300% 0
Matthew HighmoreC/LW/RW000000006:160:0001:27050% 2
Olli JuoleviD000-1000021:132:5801:0400% 0
Phillip DanaultC000-1012121:173:2014:46065% 26



Play-by-Play

1st period


0:01 of 1st period - Dylan Larkin wins face-off versus Leon Draisaitl in neutral zone.
0:10 of 1st period - Shot by Leon Draisaitl.
0:10 of 1st period - Shot Misses the Net.
0:12 of 1st period - Shot by Cam Fowler.
0:12 of 1st period - Stopped by Mackenzie Blackwood without a rebound.
0:13 of 1st period - Phillip Danault wins face-off versus Vladislav Namestnikov in ST. LOUIS Blues zone.
0:25 of 1st period - Icing by Matt Grzelcyk.
0:26 of 1st period - Craig Smith wins face-off versus Vladislav Namestnikov in NASHVILLE Predators zone.
0:26 of 1st period - Minor Penalty to Erik Brannstrom for Cross-checking.
0:27 of 1st period - Andrew Copp wins face-off versus Dylan Larkin in NASHVILLE Predators zone.
0:38 of 1st period - Shot by Jesper Bratt.
0:38 of 1st period - Stopped by Matt Murray without a rebound.
0:39 of 1st period - Phillip Danault wins face-off versus Ryan Donato in NASHVILLE Predators zone.
0:44 of 1st period - Shot by Dominic Kubalik.
0:44 of 1st period - Shot Misses the Net.
0:46 of 1st period - Shot by Phillip Danault.
0:46 of 1st period - Stopped by Matt Murray with a rebound.
1:08 of 1st period - Shot by Jaden Schwartz.
1:08 of 1st period - Shot Misses the Net.
1:10 of 1st period - Shot by Phillip Danault.
1:10 of 1st period - Shot Misses the Net.
1:12 of 1st period - Shot by Phillip Danault.
1:12 of 1st period - Shot Misses the Net.
1:42 of 1st period - Shot by Justin Schultz.
1:42 of 1st period - Shot Blocked by Cam Fowler.
1:44 of 1st period - Shot by Justin Schultz.
1:44 of 1st period - Shot Misses the Net.
1:46 of 1st period - Shot by Justin Schultz.
1:46 of 1st period - Shot Blocked by Cam Fowler.
1:50 of 1st period - Shot by Justin Schultz.
1:50 of 1st period - Shot Misses the Net.
1:52 of 1st period - Shot by Dylan Larkin.
1:52 of 1st period - Stopped by Matt Murray with a rebound.
1:54 of 1st period - Shot by Justin Schultz.
1:54 of 1st period - Shot Misses the Net.
1:56 of 1st period - Shot by Brendan Gallagher.
1:56 of 1st period - Shot Blocked by Chris Tanev.
3:46 of 1st period - Shot by David Perron.
3:46 of 1st period - Shot Blocked by Chris Tanev.
3:48 of 1st period - Shot by Brayden McNabb.
3:48 of 1st period - Stopped by Matt Murray without a rebound.
3:49 of 1st period - Vladislav Namestnikov wins face-off versus Dylan Larkin in NASHVILLE Predators zone.
4:21 of 1st period - Jesper Bratt is hit by Josh Morrissey and loses puck.
4:26 of 1st period - Shot by Dylan Larkin.
4:26 of 1st period - Shot Blocked by Calle Jarnkrok.
4:28 of 1st period - Shot by Brendan Gallagher.
4:28 of 1st period - Shot Misses the Net.
4:30 of 1st period - Shot by Brendan Gallagher.
4:30 of 1st period - Stopped by Matt Murray without a rebound.
4:31 of 1st period - Phillip Danault wins face-off versus Ryan Donato in NASHVILLE Predators zone.
5:15 of 1st period - Shot by Dominic Kubalik.
5:15 of 1st period - Stopped by Matt Murray without a rebound.
5:16 of 1st period - Leon Draisaitl wins face-off versus David Perron in NASHVILLE Predators zone.
5:16 of 1st period - Leon Draisaitl is hit by Craig Smith.
5:19 of 1st period - Icing by Bryan Rust.
5:20 of 1st period - Leon Draisaitl wins face-off versus Dylan Larkin in NASHVILLE Predators zone.
5:33 of 1st period - Shot by Jesper Bratt.
5:33 of 1st period - Shot Misses the Net.
5:35 of 1st period - Shot by Dylan Larkin.
5:35 of 1st period - Deflect By Jesper Bratt.
5:35 of 1st period - Shot Misses the Net.
6:50 of 1st period - Icing by Matt Grzelcyk.
6:51 of 1st period - Leon Draisaitl wins face-off versus Craig Smith in NASHVILLE Predators zone.
6:51 of 1st period - Leon Draisaitl is hit by Craig Smith.
7:31 of 1st period - Shot by James Neal.
7:31 of 1st period - Shot Misses the Net.
7:33 of 1st period - Shot by James Neal.
7:33 of 1st period - Deflect By David Perron.
7:33 of 1st period - Shot Misses the Net.
8:13 of 1st period - Shot by Vladislav Namestnikov.
8:13 of 1st period - Stopped by Mackenzie Blackwood without a rebound.
8:14 of 1st period - Ryan Donato wins face-off versus Jake Leschyshyn in ST. LOUIS Blues zone.
8:52 of 1st period - Shot by Ryan Donato.
8:52 of 1st period - Shot Misses the Net.
9:16 of 1st period - Icing by Erik Gustafsson.
9:17 of 1st period - Ryan Donato wins face-off versus Phillip Danault in NASHVILLE Predators zone.
10:42 of 1st period - Shot by Jesper Bratt.
10:42 of 1st period - Stopped by Matt Murray without a rebound.
10:43 of 1st period - Henrik Borgstrom wins face-off versus Craig Smith in NASHVILLE Predators zone.
10:56 of 1st period - Henrik Borgstrom is hit by James Neal and loses puck.
11:54 of 1st period - Shot by Phillip Danault.
11:54 of 1st period - Shot Blocked by Erik Brannstrom.
11:56 of 1st period - Shot by Brayden McNabb.
11:56 of 1st period - Stopped by Matt Murray without a rebound.
11:57 of 1st period - Jesper Bratt wins face-off versus Calle Jarnkrok in NASHVILLE Predators zone.
11:57 of 1st period - Brendan Gallagher is hit by Erik Gustafsson and loses puck.
12:04 of 1st period - Shot by Brendan Gallagher.
12:04 of 1st period - Shot Misses the Net.
12:06 of 1st period - Shot by Brendan Gallagher.
12:06 of 1st period - Stopped by Matt Murray without a rebound.
12:07 of 1st period - Phillip Danault wins face-off versus Ryan Donato in NASHVILLE Predators zone.
12:07 of 1st period - Jonas Brodin is hit by Erik Gustafsson.
12:11 of 1st period - Shot by Jaden Schwartz.
12:11 of 1st period - Shot Misses the Net.
12:57 of 1st period - Icing by Brayden McNabb.
12:58 of 1st period - Phillip Danault wins face-off versus Vladislav Namestnikov in ST. LOUIS Blues zone.
13:00 of 1st period - Icing by Dominic Kubalik.
13:01 of 1st period - Phillip Danault wins face-off versus Vladislav Namestnikov in ST. LOUIS Blues zone.
13:24 of 1st period - Shot by Kevin Labanc.
13:24 of 1st period - Goal by Kevin Labanc - NASHVILLE Predators : 1 - ST. LOUIS Blues : 0.
13:25 of 1st period - Leon Draisaitl wins face-off versus Dylan Larkin in neutral zone.
13:53 of 1st period - Shot by Jesper Bratt.
13:53 of 1st period - Stopped by Matt Murray without a rebound.
13:54 of 1st period - Vladislav Namestnikov wins face-off versus Craig Smith in NASHVILLE Predators zone.
14:26 of 1st period - Minor Penalty to Jeremy Lauzon for Tripping.
14:27 of 1st period - Phillip Danault wins face-off versus Leon Draisaitl in ST. LOUIS Blues zone.
14:48 of 1st period - Justin Schultz is hit by Bryan Rust and loses puck.
15:31 of 1st period - Shot by Kevin Labanc.
15:31 of 1st period - Shot Blocked by Luke Schenn.
15:33 of 1st period - Shot by Erik Gustafsson.
15:33 of 1st period - Stopped by Mackenzie Blackwood without a rebound.
15:34 of 1st period - Vladislav Namestnikov wins face-off versus Phillip Danault in ST. LOUIS Blues zone.
15:59 of 1st period - Shot by Kevin Labanc.
15:59 of 1st period - Stopped by Mackenzie Blackwood without a rebound.
16:00 of 1st period - Craig Smith wins face-off versus Leon Draisaitl in ST. LOUIS Blues zone.
16:06 of 1st period - Icing by Bryan Rust.
16:07 of 1st period - Leon Draisaitl wins face-off versus Craig Smith in NASHVILLE Predators zone.
16:07 of 1st period - Leon Draisaitl is hit by Marcus Foligno.
16:10 of 1st period - Matt Grzelcyk is hit by Marcus Foligno.
16:18 of 1st period - Shot by Matt Grzelcyk.
16:18 of 1st period - Shot Blocked by Justin Schultz.
16:20 of 1st period - Shot by Colin White.
16:20 of 1st period - Goal by Colin White - NASHVILLE Predators : 2 - ST. LOUIS Blues : 0.
16:21 of 1st period - Vladislav Namestnikov wins face-off versus Dylan Larkin in neutral zone.
16:28 of 1st period - Luke Schenn is hit by Kevin Labanc and loses puck.
17:39 of 1st period - Shot by Leon Draisaitl.
17:39 of 1st period - Stopped by Mackenzie Blackwood with a rebound.
17:41 of 1st period - Shot by Leon Draisaitl.
17:41 of 1st period - Stopped by Mackenzie Blackwood without a rebound.
17:42 of 1st period - Ryan Donato wins face-off versus Jaden Schwartz in ST. LOUIS Blues zone.
18:01 of 1st period - Shot by Ryan Donato.
18:01 of 1st period - Stopped by Mackenzie Blackwood without a rebound.
18:02 of 1st period - Henrik Borgstrom wins face-off versus Craig Smith in ST. LOUIS Blues zone.
18:56 of 1st period - Shot by Phillip Danault.
18:56 of 1st period - Stopped by Matt Murray without a rebound.
18:57 of 1st period - Leon Draisaitl wins face-off versus Dylan Larkin in NASHVILLE Predators zone.
18:57 of 1st period - Leon Draisaitl is hit by Dylan Larkin.
19:10 of 1st period - Off-side.
19:11 of 1st period - Phillip Danault wins face-off versus Vladislav Namestnikov in neutral zone.
Goals for this period are 2 for NASHVILLE Predators vs 0 for ST. LOUIS Blues .
Shots for this period are 9 for NASHVILLE Predators vs 11 for ST. LOUIS Blues .

2nd period


0:01 of 2nd period - Dylan Larkin wins face-off versus Leon Draisaitl in neutral zone.
0:09 of 2nd period - Shot by Josh Morrissey.
0:09 of 2nd period - Stopped by Mackenzie Blackwood without a rebound.
0:10 of 2nd period - Craig Smith wins face-off versus Leon Draisaitl in ST. LOUIS Blues zone.
0:15 of 2nd period - Bryan Rust is hit by James Neal.
0:27 of 2nd period - Shot by Bryan Rust.
0:27 of 2nd period - Shot Misses the Net.
1:37 of 2nd period - Icing by Olli Juolevi.
1:38 of 2nd period - Dylan Larkin wins face-off versus Vladislav Namestnikov in ST. LOUIS Blues zone.
1:59 of 2nd period - Shot by Kevin Labanc.
1:59 of 2nd period - Shot Misses the Net.
2:06 of 2nd period - Justin Schultz is hit by Erik Gustafsson and loses puck.
2:53 of 2nd period - Cam Fowler is hit by Jonas Brodin and loses puck.
2:55 of 2nd period - Minor Penalty to Brayden McNabb for Hooking.
2:56 of 2nd period - Craig Smith wins face-off versus Leon Draisaitl in ST. LOUIS Blues zone.
3:27 of 2nd period - Shot by Erik Brannstrom.
3:27 of 2nd period - Stopped by Mackenzie Blackwood with a rebound.
3:42 of 2nd period - Vladislav Namestnikov is hit by Luke Schenn and loses puck.
3:47 of 2nd period - Shot by Erik Gustafsson.
3:47 of 2nd period - Shot Blocked by Jonas Brodin.
3:49 of 2nd period - Shot by Kevin Labanc.
3:49 of 2nd period - Shot Misses the Net.
3:53 of 2nd period - Shot by Cam Fowler.
3:53 of 2nd period - Stopped by Mackenzie Blackwood without a rebound.
3:54 of 2nd period - Vladislav Namestnikov wins face-off versus Phillip Danault in ST. LOUIS Blues zone.
4:05 of 2nd period - Shot by Kevin Labanc.
4:05 of 2nd period - Shot Blocked by Jonas Brodin.
5:01 of 2nd period - Ryan Donato is hit by Jaden Schwartz.
5:38 of 2nd period - Josh Morrissey is hit by Jaden Schwartz.
5:59 of 2nd period - Off-side.
6:00 of 2nd period - Craig Smith wins face-off versus Henrik Borgstrom in neutral zone.
6:02 of 2nd period - Off-side.
6:03 of 2nd period - Vladislav Namestnikov wins face-off versus David Perron in neutral zone.
6:33 of 2nd period - Icing by Erik Brannstrom.
6:34 of 2nd period - Dylan Larkin wins face-off versus Vladislav Namestnikov in NASHVILLE Predators zone.
6:39 of 2nd period - Shot by Jesper Bratt.
6:39 of 2nd period - Shot Blocked by Matt Grzelcyk.
6:55 of 2nd period - Shot by Vladislav Namestnikov.
6:55 of 2nd period - Shot Blocked by Luke Schenn.
6:57 of 2nd period - Shot by Kevin Labanc.
6:57 of 2nd period - Shot Blocked by Luke Schenn.
7:04 of 2nd period - Icing by Dylan Larkin.
7:05 of 2nd period - Dylan Larkin wins face-off versus Leon Draisaitl in ST. LOUIS Blues zone.
7:05 of 2nd period - Dylan Larkin is hit by Andrew Copp.
7:15 of 2nd period - Shot by Bryan Rust.
7:15 of 2nd period - Shot Blocked by Luke Schenn.
7:44 of 2nd period - Shot by Bryan Rust.
7:44 of 2nd period - Stopped by Mackenzie Blackwood without a rebound.
7:45 of 2nd period - Dominic Kubalik wins face-off versus Ryan Donato in ST. LOUIS Blues zone.
7:45 of 2nd period - Justin Schultz is hit by Brett Connolly and loses puck.
7:52 of 2nd period - Shot by Ryan Donato.
7:52 of 2nd period - Shot Misses the Net.
8:03 of 2nd period - Shot by Ryan Donato.
8:03 of 2nd period - Shot Blocked by Phillip Danault.
8:17 of 2nd period - Ryan Donato is hit by Jaden Schwartz and loses puck.
8:42 of 2nd period - Shot by David Perron.
8:42 of 2nd period - Shot Misses the Net.
8:44 of 2nd period - Shot by David Perron.
8:44 of 2nd period - Shot Blocked by Josh Morrissey.
8:46 of 2nd period - Shot by James Neal.
8:46 of 2nd period - Shot Misses the Net.
8:48 of 2nd period - Shot by Brayden McNabb.
8:48 of 2nd period - Stopped by Matt Murray without a rebound.
8:49 of 2nd period - Leon Draisaitl wins face-off versus Jake Leschyshyn in NASHVILLE Predators zone.
9:00 of 2nd period - Shot by Andrew Copp.
9:00 of 2nd period - Stopped by Mackenzie Blackwood without a rebound.
9:01 of 2nd period - Vladislav Namestnikov wins face-off versus Dylan Larkin in ST. LOUIS Blues zone.
9:01 of 2nd period - Erik Gustafsson is hit by Luke Schenn and loses puck.
9:30 of 2nd period - Shot by Dylan Larkin.
9:30 of 2nd period - Shot Misses the Net.
9:32 of 2nd period - Shot by Jesper Bratt.
9:32 of 2nd period - Deflect By Dylan Larkin.
9:32 of 2nd period - Shot Misses the Net.
9:34 of 2nd period - Shot by Jeremy Lauzon.
9:34 of 2nd period - Stopped by Matt Murray without a rebound.
9:35 of 2nd period - Phillip Danault wins face-off versus Leon Draisaitl in NASHVILLE Predators zone.
9:52 of 2nd period - Shot by Andrew Copp.
9:52 of 2nd period - Shot Misses the Net.
9:54 of 2nd period - Shot by Erik Brannstrom.
9:54 of 2nd period - Goal by Erik Brannstrom - NASHVILLE Predators : 3 - ST. LOUIS Blues : 0.
9:55 of 2nd period - Craig Smith wins face-off versus Henrik Borgstrom in neutral zone.
10:03 of 2nd period - David Perron is hit by Josh Morrissey.
10:07 of 2nd period - Shot by David Perron.
10:07 of 2nd period - Stopped by Matt Murray without a rebound.
10:08 of 2nd period - Phillip Danault wins face-off versus Bryan Rust in NASHVILLE Predators zone.
10:19 of 2nd period - Shot by Jaden Schwartz.
10:19 of 2nd period - Stopped by Matt Murray without a rebound.
10:20 of 2nd period - Craig Smith wins face-off versus Kevin Labanc in NASHVILLE Predators zone.
10:21 of 2nd period - Shot by David Perron.
10:21 of 2nd period - Stopped by Matt Murray without a rebound.
10:22 of 2nd period - Phillip Danault wins face-off versus Leon Draisaitl in NASHVILLE Predators zone.
10:27 of 2nd period - Shot by Jaden Schwartz.
10:27 of 2nd period - Shot Blocked by Josh Morrissey.
11:14 of 2nd period - Icing by Dominic Kubalik.
11:15 of 2nd period - Phillip Danault wins face-off versus Vladislav Namestnikov in ST. LOUIS Blues zone.
11:46 of 2nd period - Shot by Craig Smith.
11:46 of 2nd period - Shot Misses the Net.
12:06 of 2nd period - Shot by David Perron.
12:06 of 2nd period - Shot Blocked by Matt Grzelcyk.
12:08 of 2nd period - Shot by Justin Schultz.
12:08 of 2nd period - Shot Blocked by Erik Brannstrom.
12:48 of 2nd period - Shot by Brendan Gallagher.
12:48 of 2nd period - Shot Blocked by Cam Fowler.
12:50 of 2nd period - Shot by Dylan Larkin.
12:50 of 2nd period - Shot Blocked by Josh Morrissey.
13:29 of 2nd period - Minor Penalty to Brett Connolly for Roughing.
13:30 of 2nd period - Phillip Danault wins face-off versus Andrew Copp in NASHVILLE Predators zone.
13:44 of 2nd period - Icing by Olli Juolevi.
13:45 of 2nd period - Andrew Copp wins face-off versus Phillip Danault in ST. LOUIS Blues zone.
14:18 of 2nd period - Leon Draisaitl is hit by Dominic Kubalik and loses puck.
14:49 of 2nd period - Andrew Copp is hit by Jesper Bratt and loses puck.
15:44 of 2nd period - Erik Gustafsson is hit by Marcus Foligno and loses puck.
16:30 of 2nd period - Minor Penalty to Jonas Brodin for Cross-checking.
16:31 of 2nd period - Phillip Danault wins face-off versus Leon Draisaitl in ST. LOUIS Blues zone.
16:52 of 2nd period - Shot by Matt Grzelcyk.
16:52 of 2nd period - Shot Misses the Net.
17:00 of 2nd period - Shot by Matt Grzelcyk.
17:00 of 2nd period - Stopped by Mackenzie Blackwood with a rebound.
17:02 of 2nd period - Shot by Matt Grzelcyk.
17:02 of 2nd period - Stopped by Mackenzie Blackwood with a rebound.
17:04 of 2nd period - Shot by Bryan Rust.
17:04 of 2nd period - Stopped by Mackenzie Blackwood without a rebound.
17:05 of 2nd period - Vladislav Namestnikov wins face-off versus Craig Smith in ST. LOUIS Blues zone.
17:20 of 2nd period - Icing by Chris Tanev.
17:21 of 2nd period - Vladislav Namestnikov wins face-off versus Craig Smith in NASHVILLE Predators zone.
17:41 of 2nd period - Shot by Cam Fowler.
17:41 of 2nd period - Shot Misses the Net.
17:43 of 2nd period - Shot by Vladislav Namestnikov.
17:43 of 2nd period - Shot Blocked by Jeremy Lauzon.
17:45 of 2nd period - Shot by Vladislav Namestnikov.
17:45 of 2nd period - Stopped by Mackenzie Blackwood without a rebound.
17:46 of 2nd period - Leon Draisaitl wins face-off versus Craig Smith in ST. LOUIS Blues zone.
17:47 of 2nd period - Shot by Bryan Rust.
17:47 of 2nd period - Shot Misses the Net.
17:49 of 2nd period - Shot by Matt Grzelcyk.
17:49 of 2nd period - Shot Misses the Net.
17:51 of 2nd period - Shot by Bryan Rust.
17:51 of 2nd period - Stopped by Mackenzie Blackwood with a rebound.
17:53 of 2nd period - Shot by Leon Draisaitl.
17:53 of 2nd period - Stopped by Mackenzie Blackwood without a rebound.
17:54 of 2nd period - Leon Draisaitl wins face-off versus Craig Smith in ST. LOUIS Blues zone.
17:55 of 2nd period - Shot by Erik Gustafsson.
17:55 of 2nd period - Deflect By Bryan Rust.
17:55 of 2nd period - Goal by Bryan Rust - NASHVILLE Predators : 4 - ST. LOUIS Blues : 0.
17:56 of 2nd period - Vladislav Namestnikov wins face-off versus Phillip Danault in neutral zone.
18:00 of 2nd period - Shot by Vladislav Namestnikov.
18:00 of 2nd period - Deflect By Kevin Labanc.
18:00 of 2nd period - Stopped by Mackenzie Blackwood without a rebound.
18:01 of 2nd period - Dylan Larkin wins face-off versus Calle Jarnkrok in ST. LOUIS Blues zone.
18:06 of 2nd period - Shot by Dylan Larkin.
18:06 of 2nd period - Shot Blocked by Cam Fowler.
18:25 of 2nd period - Justin Schultz is hit by Vladislav Namestnikov and loses puck.
18:59 of 2nd period - Icing by Justin Schultz.
19:00 of 2nd period - Leon Draisaitl wins face-off versus Dylan Larkin in ST. LOUIS Blues zone.
19:03 of 2nd period - Shot by Bryan Rust.
19:03 of 2nd period - Stopped by Mackenzie Blackwood without a rebound.
19:04 of 2nd period - Leon Draisaitl wins face-off versus Phillip Danault in ST. LOUIS Blues zone.
19:14 of 2nd period - Minor Penalty to Brayden McNabb for Hooking.
19:15 of 2nd period - Andrew Copp wins face-off versus Craig Smith in ST. LOUIS Blues zone.
19:19 of 2nd period - Leon Draisaitl is hit by Luke Schenn and loses puck.
19:28 of 2nd period - Shot by Bryan Rust.
19:28 of 2nd period - Shot Blocked by Luke Schenn.
19:30 of 2nd period - Shot by Erik Gustafsson.
19:30 of 2nd period - Shot Hit the Post.
19:32 of 2nd period - Shot by Cam Fowler.
19:32 of 2nd period - Stopped by Mackenzie Blackwood without a rebound.
19:33 of 2nd period - Vladislav Namestnikov wins face-off versus Phillip Danault in ST. LOUIS Blues zone.
Goals for this period are 2 for NASHVILLE Predators vs 0 for ST. LOUIS Blues .
Shots for this period are 16 for NASHVILLE Predators vs 5 for ST. LOUIS Blues .

3rd period


0:01 of 3rd period - Craig Smith wins face-off versus Leon Draisaitl in neutral zone.
0:09 of 3rd period - Icing by Cam Fowler.
0:10 of 3rd period - Phillip Danault wins face-off versus Leon Draisaitl in NASHVILLE Predators zone.
1:28 of 3rd period - Shot by Ryan Donato.
1:28 of 3rd period - Stopped by Mackenzie Blackwood with a rebound.
2:15 of 3rd period - Shot by Marcus Foligno.
2:15 of 3rd period - Stopped by Matt Murray with a rebound.
2:18 of 3rd period - Jake Leschyshyn is hit by Erik Brannstrom and loses puck.
2:35 of 3rd period - Shot by Marcus Foligno.
2:35 of 3rd period - Stopped by Matt Murray with a rebound.
3:53 of 3rd period - Kevin Labanc is hit by Brendan Gallagher and loses puck.
4:34 of 3rd period - Shot by Erik Gustafsson.
4:34 of 3rd period - Stopped by Mackenzie Blackwood without a rebound.
4:35 of 3rd period - Jake Leschyshyn wins face-off versus Bryan Rust in ST. LOUIS Blues zone.
4:35 of 3rd period - Jake Leschyshyn is hit by Andrew Copp.
4:38 of 3rd period - Icing by Justin Schultz.
4:39 of 3rd period - Leon Draisaitl wins face-off versus Jake Leschyshyn in ST. LOUIS Blues zone.
4:48 of 3rd period - Shot by Bryan Rust.
4:48 of 3rd period - Stopped by Mackenzie Blackwood without a rebound.
4:49 of 3rd period - Leon Draisaitl wins face-off versus Jaden Schwartz in ST. LOUIS Blues zone.
4:50 of 3rd period - Shot by Bryan Rust.
4:50 of 3rd period - Stopped by Mackenzie Blackwood with a rebound.
4:57 of 3rd period - Off-side.
4:58 of 3rd period - Jaden Schwartz wins face-off versus Leon Draisaitl in neutral zone.
5:23 of 3rd period - Shot by Leon Draisaitl.
5:23 of 3rd period - Stopped by Mackenzie Blackwood without a rebound.
5:24 of 3rd period - Ryan Donato wins face-off versus Dylan Larkin in ST. LOUIS Blues zone.
5:35 of 3rd period - Shot by Brendan Gallagher.
5:35 of 3rd period - Shot Blocked by Matt Grzelcyk.
5:37 of 3rd period - Shot by Jonas Brodin.
5:37 of 3rd period - Stopped by Matt Murray without a rebound.
5:38 of 3rd period - Leon Draisaitl wins face-off versus Craig Smith in NASHVILLE Predators zone.
6:43 of 3rd period - Shot by Josh Morrissey.
6:43 of 3rd period - Shot Misses the Net.
7:20 of 3rd period - Shot by Jaden Schwartz.
7:20 of 3rd period - Deflect By Phillip Danault.
7:20 of 3rd period - Shot Blocked by Cam Fowler.
7:37 of 3rd period - Off-side.
7:38 of 3rd period - Jake Leschyshyn wins face-off versus Ryan Donato in neutral zone.
7:42 of 3rd period - Shot by Marcus Foligno.
7:42 of 3rd period - Stopped by Matt Murray without a rebound.
7:43 of 3rd period - Dylan Larkin wins face-off versus Leon Draisaitl in NASHVILLE Predators zone.
7:44 of 3rd period - Shot by Jesper Bratt.
7:44 of 3rd period - Shot Blocked by Erik Brannstrom.
7:47 of 3rd period - Icing by Bryan Rust.
7:48 of 3rd period - Leon Draisaitl wins face-off versus Dylan Larkin in NASHVILLE Predators zone.
8:03 of 3rd period - Shot by Dylan Larkin.
8:03 of 3rd period - Deflect By Jesper Bratt.
8:03 of 3rd period - Goal by Jesper Bratt - NASHVILLE Predators : 4 - ST. LOUIS Blues : 1.
8:04 of 3rd period - Phillip Danault wins face-off versus Ryan Donato in neutral zone.
8:15 of 3rd period - Shot by Dominic Kubalik.
8:15 of 3rd period - Shot Misses the Net.
8:22 of 3rd period - Off-side.
8:23 of 3rd period - Dylan Larkin wins face-off versus Leon Draisaitl in neutral zone.
9:31 of 3rd period - Shot by Kevin Labanc.
9:31 of 3rd period - Shot Misses the Net.
9:35 of 3rd period - Shot by Vladislav Namestnikov.
9:35 of 3rd period - Shot Misses the Net.
9:37 of 3rd period - Shot by Vladislav Namestnikov.
9:37 of 3rd period - Shot Blocked by Justin Schultz.
9:47 of 3rd period - Shot by Kevin Labanc.
9:47 of 3rd period - Stopped by Mackenzie Blackwood without a rebound.
9:48 of 3rd period - Ryan Donato wins face-off versus Phillip Danault in ST. LOUIS Blues zone.
10:03 of 3rd period - Shot by Ryan Donato.
10:03 of 3rd period - Stopped by Mackenzie Blackwood without a rebound.
10:04 of 3rd period - Henrik Borgstrom wins face-off versus Craig Smith in ST. LOUIS Blues zone.
10:10 of 3rd period - Minor Penalty to Henrik Borgstrom for Tripping.
10:11 of 3rd period - Phillip Danault wins face-off versus Andrew Copp in NASHVILLE Predators zone.
11:15 of 3rd period - Calle Jarnkrok is hit by Phillip Danault and loses puck.
12:20 of 3rd period - Marcus Foligno is hit by Josh Morrissey and loses puck.
12:33 of 3rd period - Shot by Marcus Foligno.
12:33 of 3rd period - Shot Misses the Net.
12:36 of 3rd period - Icing by Henrik Borgstrom.
12:37 of 3rd period - Craig Smith wins face-off versus Henrik Borgstrom in NASHVILLE Predators zone.
12:37 of 3rd period - Craig Smith is hit by Josh Morrissey.
12:43 of 3rd period - Shot by David Perron.
12:43 of 3rd period - Shot Blocked by Cam Fowler.
12:46 of 3rd period - Minor Penalty to Craig Smith for High sticking.
12:47 of 3rd period - Matthew Highmore wins face-off versus Leon Draisaitl in ST. LOUIS Blues zone.
12:47 of 3rd period - Matthew Highmore is hit by Bryan Rust.
12:59 of 3rd period - Shot by Matt Grzelcyk.
12:59 of 3rd period - Shot Misses the Net.
13:55 of 3rd period - Shot by Cam Fowler.
13:55 of 3rd period - Stopped by Mackenzie Blackwood without a rebound.
13:56 of 3rd period - Vladislav Namestnikov wins face-off versus Matthew Highmore in ST. LOUIS Blues zone.
15:14 of 3rd period - Shot by Craig Smith.
15:14 of 3rd period - Stopped by Matt Murray with a rebound.
15:44 of 3rd period - Shot by Dylan Larkin.
15:44 of 3rd period - Shot Misses the Net.
15:56 of 3rd period - Shot by Brendan Gallagher.
15:56 of 3rd period - Shot Misses the Net.
16:06 of 3rd period - Shot by Jesper Bratt.
16:06 of 3rd period - Shot Blocked by Erik Brannstrom.
16:34 of 3rd period - Shot by Jaden Schwartz.
16:34 of 3rd period - Shot Blocked by Erik Brannstrom.
17:20 of 3rd period - Shot by Leon Draisaitl.
17:20 of 3rd period - Shot Blocked by Jake Leschyshyn.
17:22 of 3rd period - Shot by Leon Draisaitl.
17:22 of 3rd period - Stopped by Mackenzie Blackwood without a rebound.
17:23 of 3rd period - David Perron wins face-off versus Bryan Rust in ST. LOUIS Blues zone.
17:25 of 3rd period - Icing by Jonas Brodin.
17:26 of 3rd period - Craig Smith wins face-off versus Leon Draisaitl in ST. LOUIS Blues zone.
17:38 of 3rd period - Icing by Bryan Rust.
17:39 of 3rd period - Dylan Larkin wins face-off versus Bryan Rust in NASHVILLE Predators zone.
18:44 of 3rd period - Shot by Vladislav Namestnikov.
18:44 of 3rd period - Stopped by Mackenzie Blackwood with a rebound.
18:49 of 3rd period - Off-side.
18:50 of 3rd period - Colin White wins face-off versus Craig Smith in neutral zone.
18:53 of 3rd period - James Neal is hit by Nick Cousins and loses puck.
19:54 of 3rd period - Icing by Henrik Borgstrom.
19:55 of 3rd period - Jake Leschyshyn wins face-off versus Henrik Borgstrom in NASHVILLE Predators zone.
19:56 of 3rd period - Shot by Marcus Foligno.
19:56 of 3rd period - Stopped by Matt Murray without a rebound.
19:57 of 3rd period - Bryan Rust wins face-off versus Phillip Danault in NASHVILLE Predators zone.
Goals for this period are 0 for NASHVILLE Predators vs 1 for ST. LOUIS Blues .
Shots for this period are 10 for NASHVILLE Predators vs 7 for ST. LOUIS Blues .